 Dungeon Crawl Stone Soup version 0.26-a0-477-g38aef04 (webtiles) character file.

Game seed: 3310334886284060118

24532 BouncingOnMyBoysDick the Cleaver (level 13, -8/105 HPs)
             Began as a Hill Orc Warper on Aug 1, 2020.
             Was the Champion of Zin.
             Killed from afar by an orc sorcerer (15 damage)
             ... with a bolt of fire
             ... on level 1 of the Orcish Mines.
             The game lasted 01:00:13 (26702 turns).

BouncingOnMyBoysDick the Cleaver (Hill Orc Warper) Turns: 26702, Time: 01:00:14

Health: -8/105     AC: 25    Str: 15    XL:     13   Next: 13%
Magic:  16/16      EV: 11    Int: 17    God:    Zin [******]
Gold:   257        SH:  0    Dex: 10    Spells: 14/16 levels left

rFire    . . .     SeeInvis .   V - +3 war axe
rCold    . . .     Faith    +   (no shield)
rNeg     . . .     Spirit   .   a - +2 plate armour {rPois}
rPois    +         Reflect  .   C - +0 helmet
rElec    .         Harm     .   l - +0 cloak
rCorr    .                      A - +1 pair of gloves
MR       +....                  F - +1 pair of boots
Stlth    ..........             s - amulet of faith
HPRegen  0.27/turn              j - ring of protection from magic
MPRegen  0.15/turn              M - +4 ring of evasion

@: very slightly contaminated, invisible
A: no striking features
a: Recite, Vitalisation, Imprison, Sanctuary, Donate Gold, Renounce Religion


You were on level 1 of the Orcish Mines.
You worshipped Zin.
Zin was exalted by your worship.
You visited 3 branches of the dungeon, and saw 16 of its levels.
You also visited: Bailey.

You collected 1287 gold pieces.
You spent 902 gold pieces at shops.
You donated 128 gold pieces to Zin.

Inventory:

Hand Weapons
 Q - a +0 battleaxe
 V - a +3 war axe (weapon)
Missiles
 b - 67 boomerangs
 e - 5 boomerangs of dispersal
 i - 78 poisoned darts
 R - a curare-tipped dart (quivered)
 X - a throwing net
Armour
 a - a +2 plate armour of poison resistance (worn)
 l - a +0 cloak (worn)
 A - a +1 pair of gloves (worn)
 C - a +0 helmet (worn)
 F - a +1 pair of boots (worn)
Jewellery
 j - a ring of protection from magic (left hand)
 s - an amulet of faith (around neck)
 E - an uncursed amulet of reflection {unknown}
 M - a +4 ring of evasion (right hand)
 O - a +6 ring of dexterity
 W - an uncursed ring of ice
Wands
 y - a wand of flame (12)
 I - a wand of iceblast (25)
 L - a wand of disintegration (2)
Scrolls
 c - a scroll of summoning {unknown}
 d - a scroll of random uselessness {unknown}
 f - 3 scrolls of identify
 h - a scroll of fog {unknown}
 o - 3 scrolls of enchant weapon
 u - 7 scrolls of teleportation
 v - 8 scrolls of remove curse
 w - 2 scrolls of immolation {unknown}
 x - a scroll of acquirement {unknown}
 z - 6 scrolls of amnesia {unknown}
 B - 2 scrolls of enchant armour {unknown}
 D - a scroll of brand weapon
 H - 2 scrolls of noise {unknown}
 J - 2 scrolls of magic mapping {unknown}
 K - a scroll of torment {unknown}
 U - a scroll of silence {unknown}
 Z - a scroll of fear {unknown}
Potions
 k - 7 potions of curing
 m - 2 potions of magic {unknown}
 n - 6 potions of mutation
 p - 2 potions of flight
 r - a potion of might
 t - 4 potions of stabbing
 N - 2 potions of cancellation
 P - a potion of haste
 Y - 2 potions of ambrosia {unknown}


   Skills:
 - Level 7.0 Fighting
 - Level 14.0 Axes
 - Level 6.0 Throwing
 - Level 11.0 Armour
 - Level 8.0 Dodging
 - Level 2.0 Spellcasting
 - Level 2.4 Translocations
 * Level 5.1 Invocations
 + Level 9.3 Evocations


You had 14 spell levels left.
You knew the following spells:

 Your Spells              Type           Power        Failure   Level
a - Blink                 Tloc           N/A          98%         2

Your spell library contained the following spells:

 Spells                   Type           Power        Failure   Level
 Freeze                   Ice            #...         100%        1
 Magic Dart               Conj           #...         100%        1
 Sandblast                Erth           #.....       100%        1
 Shock                    Conj/Air       #...         100%        1
 Passwall                 Tmut/Erth      #.......     100%        2
 Searing Ray              Conj           #.....       100%        2
 Swiftness                Air            #.......     100%        2
 Dazzling Flash           Conj/Hex       #.....       100%        3
 Frozen Ramparts          Ice            #.....       100%        3
 Gell's Gravitas          Tloc           #.........   100%        3
 Lesser Beckoning         Tloc           #.........   100%        3
 Ozocubu's Armour         Ice            #.......     100%        3
 Static Discharge         Conj/Air       #.......     100%        3
 Stone Arrow              Conj/Erth      #.....       100%        3
 Teleport Other           Tloc           #.......     100%        3
 Airstrike                Air            #.........   100%        4
 Fulminant Prism          Conj/Hex       #.........   100%        4
 Hailstorm                Conj/Ice       #.......     100%        4
 Iskenderun's Mystic Bla  Conj/Tloc      #.......     100%        4
 Passage of Golubria      Tloc           N/A          100%        4
 Petrify                  Tmut/Erth      #.......     100%        4
 Summon Ice Beast         Ice/Summ       #.......     100%        4
 Lee's Rapid Deconstruct  Erth           #.........   100%        5
 Lightning Bolt           Conj/Air       #.........   100%        5


Dungeon Overview and Level Annotations

Branches:
Dungeon (13/15)            Temple (0/1) D:6            Lair (1/6) D:10
    Orc (2/2) D:11         Bailey (visited)
    Elf: Orc:2       Vaults: D:13-14

Altars:
Ashenzari
Cheibriados
Dithmenos
Fedhas
Hepliaklqana
Kikubaaqudgha
Nemelex Xobeh
Okawaru
Ru
Trog
Yredelemnul
Zin
The Shining One

Shops:
D:5 *   D:6 [   D:10 :   D:12 *

Annotations:
D:1 exclusion: downstairs
D:5 exclusion: downstairs
D:7 exclusion: downstairs
D:10 1 runed translucent door, exclusions: 3 downstairs and 4 orange crystal statues
D:12 exclusion: downstairs
Lair:1 1 exclusion


Message History

The orc wizard no longer looks unusually strong.
The ogre closely misses you.
The orc warrior hits you but does no damage.
The orc wizard barely misses you.
The orc warrior hits you but does no damage.
The orc sorcerer hits you but does no damage.
The orc sorcerer gestures at you while chanting.
The bolt of fire hits you!! Zin protects you from harm!
The bolt of fire hits the orc wizard!!
The orc wizard dies!
You climb upwards.
There is a stone staircase leading down, spattered with blood here.
The ogre barely misses you. The orc sorcerer casts a spell at you.
The bolt of fire hits you!! Zin protects you from harm!
The orc sorcerer gestures at you while chanting.
The bolt of fire hits you!
You die...

#...............#.#........#
#........................##.
#...<..................#....
##......#...................
#.......[..........#.#......
##.........oo...............
#........[>................
##.......oooO..#...........
#........o@...#............
##..........................
#...........#...............
##..........................
##.................#....##..
#............#....###.......
#.....#...........##.#.....#
#[................#........#
#[>[.............#..........


You could see an orc knight, 2 orc sorcerers, 3 orc warriors and an ogre.

Vanquished Creatures
  An orc warlord (Orc:1)
  The ghost of Vofubar the Quickloader, a journeyman GnWn of Okawaru (D:11)
  Josephine (D:10)
  A centaur warrior (D:12)
  Nergalle (D:11)
  An unseen horror (D:10)
  An orc knight (Orc:1)
  An ugly thing (D:11)
  3 orc sorcerers
  A centaur zombie (D:11)
  3 black mambas
  A gargoyle (D:12)
  2 cane toads (Lair:1)
  A centaur skeleton (D:10)
  A komodo dragon (D:11)
  A rime drake (Lair:1)
  4 trolls
  2 hornets
  A blink frog (D:10)
  4 hippogriffs
  A shadow (D:11)
  2 wyverns
  21 yaks
  3 wraiths
  A vampire mosquito (D:11)
  Menkaure (D:7)
  2 acid dragons
  4 water moccasins
  2 wargs
  A soldier ant (D:12)
  5 porcupines (D:10)
  A hornet zombie (D:12)
  3 phantoms
  11 ogres
  11 orc warriors
  3 black bears
  2 sky beasts
  A necrophage (D:9)
  4 ice beasts
  10 centaurs
  A crocodile (D:10)
  5 big kobolds
  8 bullfrogs
  4 scorpions
  8 wights
  5 killer bees
  2 howler monkeys (D:9)
  2 bullfrog zombies
  A quasit (D:7)
  4 orc priests
  Crazy Yiuf (D:3)
  3 bullfrog skeletons
  6 hounds
  6 jellies
  An iguana (D:4)
  Jessica (D:3)
  Terence (D:1)
  8 orc wizards
  7 worker ants
  A hound zombie (D:8)
  Robin (D:3)
  3 worker ant zombies
  28 gnolls
  12 adders
  A shadow imp (D:8)
  5 white imps
  3 ufetubi
  5 worms
  4 dart slugs
  3 leopard geckos
  46 orcs
  5 bats
  6 giant cockroaches
  14 goblins
  20 hobgoblins
  9 jackals
  38 kobolds
  3 quokkas
  2 ball pythons
  4 frilled lizards
  A leopard gecko zombie (D:5)
  9 rats
  4 fungi (D:10)
  3 plants (D:10)
425 creatures vanquished.

Vanquished Creatures (others)
  An unseen horror (D:8)
  An orc wizard (Orc:2)
  16 fungi
  2 plants
20 creatures vanquished.

Grand Total: 445 creatures vanquished

Notes
Turn   | Place    | Note
-------+----------+-------------------------------------------
     0 | D:1      | BouncingOnMyBoysDick the Hill Orc Warper began the quest
                  | for the Orb.
     0 | D:1      | Reached XP level 1. HP: 18/18 MP: 3/3
    94 | D:1      | Reached skill level 3 in Axes
   545 | D:1      | Reached XP level 2. HP: 25/25 MP: 4/4
   549 | D:1      | Learned a level 2 spell: Blink
   756 | D:1      | Found a sparkling altar of Nemelex Xobeh.
  1156 | D:2      | Noticed Terence
  1185 | D:1      | Killed Terence
  1185 | D:1      | Reached skill level 4 in Axes
  1185 | D:1      | Reached XP level 3. HP: 19/30 MP: 5/5
  1679 | D:2      | Reached XP level 4. HP: 35/37 MP: 6/6
  2301 | D:2      | Noticed a centaur
  2404 | D:2      | You fall into a shaft and drop 2 floors!
  2970 | D:2      | Killed a centaur
  2970 | D:2      | Reached skill level 5 in Axes
  2970 | D:2      | Reached XP level 5. HP: 32/42 MP: 7/7
  3167 | D:3      | Noticed Jessica
  3277 | D:3      | Killed Jessica
  3337 | D:3      | Reached XP level 6. HP: 48/50 MP: 8/8
  3341 | D:3      | Noticed Robin
  3354 | D:3      | Reached skill level 6 in Axes
  3377 | D:3      | Killed Robin
  3746 | D:3      | Found a runed translucent door.
  3747 | D:3      | Noticed Crazy Yiuf
  3956 | D:4      | Noticed an angel
  3957 | D:4      | Found a glowing silver altar of Zin.
  3962 | D:4      | Became a worshipper of Zin the Law-Giver
  3962 | D:4      | Reached * piety under Zin
  3986 | D:4      | Reached skill level 5 in Armour
  4424 | D:4      | Reached skill level 7 in Axes
  4424 | D:4      | Reached XP level 7. HP: 29/56 MP: 9/9
  4828 | D:4      | Found a bloodstained altar of Trog.
  5154 | D:4      | Found a blossoming altar of Fedhas.
  5154 | D:4      | Found a basalt altar of Yredelemnul.
  5914 | D:5      | Entered Level 5 of the Dungeon
  6046 | D:5      | Reached skill level 8 in Axes
  6309 | D:5      | Found a snail-covered altar of Cheibriados.
  6676 | D:5      | Reached XP level 8. HP: 62/62 MP: 10/10
  6966 | D:5      | Found Ateteel's Assorted Antiques.
  7008 | D:5      | Reached skill level 9 in Axes
  7437 | D:6      | Noticed a yak
  7437 | D:6      | Noticed a yak
  7438 | D:6      | Noticed a yak
  7438 | D:6      | Noticed a yak
  7438 | D:6      | Noticed a yak
  7456 | D:5      | Killed a yak
  7658 | D:5      | Killed a yak
  7948 | D:6      | Found a staircase to the Ecumenical Temple.
  8019 | D:6      | Killed a yak
  8019 | D:6      | Reached skill level 10 in Axes
  8028 | D:6      | Killed a yak
  8037 | D:6      | Killed a yak
  8037 | D:6      | Reached XP level 9. HP: 41/68 MP: 11/11
  8249 | D:6      | Found Tiuloax's Armour Shop.
  8373 | D:6      | Reached ** piety under Zin
  8819 | D:7      | Reached skill level 11 in Axes
  8987 | D:7      | Found the +8 autumn katana {vorpal, Clar}
  9489 | D:7      | You fall into a shaft and drop 2 floors!
  9601 | D:8      | Found an iron altar of Okawaru.
 10093 | D:8      | Reached *** piety under Zin
 10140 | D:8      | Reached skill level 10 in Armour
 10217 | D:8      | Reached skill level 12 in Axes
 10949 | D:8      | Found a shattered altar of Ashenzari.
 11388 | D:9      | Reached **** piety under Zin
 11503 | D:9      | Found a glowing golden altar of the Shining One.
 11881 | D:9      | Reached XP level 10. HP: 69/74 MP: 12/12
 12426 | D:9      | Found a hazy altar of Hepliaklqana.
 12711 | D:9      | Reached skill level 13 in Axes
 12917 | D:8      | Killed an unseen horror
 13465 | D:8      | Found a sacrificial altar of Ru.
 13514 | D:8      | Found an ancient bone altar of Kikubaaqudgha.
 13708 | D:8      | Reached ***** piety under Zin
 14071 | D:6      | Bought a +2 plate armour of poison resistance for 407 gold
                  | pieces
 14217 | D:7      | Noticed Menkaure
 14558 | D:7      | Killed Menkaure
 15001 | D:3      | Killed Crazy Yiuf
 15221 | D:10     | Entered Level 10 of the Dungeon
 15293 | D:10     | Found Ziotyn's Book Shoppe.
 15320 | D:10     | Killed an unseen horror
 15320 | D:10     | Reached skill level 14 in Axes
 15720 | D:10     | Found a runed translucent door.
 15731 | D:10     | Found a runed translucent door.
 15736 | D:10     | Found the +10 tower shield of Ignorance {rN+ Int-4}
 15830 | D:10     | Noticed an orange crystal statue
 15830 | D:10     | Noticed an orange crystal statue
 15830 | D:10     | Noticed an orange crystal statue
 15830 | D:10     | Noticed an orange crystal statue
 15878 | D:10     | Reached skill level 5 in Dodging
 16044 | D:10     | Reached XP level 11. HP: 63/80 MP: 13/13
 16265 | D:10     | Found a staircase to the Lair.
 16958 | Lair:1   | Entered Level 1 of the Lair of Beasts
 17245 | Lair:1   | Reached skill level 1 in Throwing
 17463 | Lair:1   | Reached skill level 1 in Evocations
 17644 | Lair:1   | Noticed a seven-headed hydra
 18318 | D:11     | Found a shadowy altar of Dithmenos.
 18515 | D:11     | Noticed a white ugly thing
 18515 | D:11     | Noticed Nergalle
 18607 | D:11     | Found a runed translucent gate.
 18608 | D:11     | Found a runed translucent gate.
 18609 | D:11     | Found a runed translucent gate.
 18609 | D:11     | Noticed Vofubar's ghost (journeyman GnWn)
 18610 | D:11     | Noticed Josephine
 18784 | D:10     | Killed Josephine
 18784 | D:10     | Reached skill level 5 in Fighting
 18876 | D:11     | Killed a white ugly thing
 18876 | D:11     | Reached XP level 12. HP: 48/94 MP: 14/14
 19303 | D:11     | Killed Vofubar's ghost
 20149 | D:11     | Reached skill level 5 in Evocations
 20601 | D:11     | Killed Nergalle
 20601 | D:11     | Reached skill level 5 in Throwing
 20772 | D:11     | Found a staircase to the Orcish Mines.
 21001 | Orc:1    | Entered Level 1 of the Orcish Mines
 21337 | Orc:1    | Found a flagged portal.
 21351 | Bailey   | Entered a bailey
 22103 | Orc:1    | Reached ****** piety under Zin
 22862 | D:12     | Found Huorische's General Store.
 22870 | D:12     | Bought a scroll of brand weapon for 360 gold pieces
 22870 | D:12     | Bought a scroll of enchant weapon for 135 gold pieces
 24607 | D:12     | Noticed a centaur warrior
 24624 | D:12     | Killed a centaur warrior
 24947 | D:13     | Noticed a ghoul
 25261 | Orc:2    | Entered Level 2 of the Orcish Mines
 25499 | Orc:2    | Noticed an orc warlord
 25792 | Orc:1    | Reached skill level 1 in Invocations
 25889 | Orc:1    | Reached XP level 13. HP: 50/105 MP: 16/16
 26362 | Orc:1    | Killed an orc warlord
 26374 | Orc:1    | Reached skill level 5 in Invocations
 26691 | Orc:2    | Paralysed by an orc sorcerer for 7 turns
 26697 | Orc:2    | HP: 5/105 [ogre/+0 giant club (6)]
 26699 | Orc:2    | Zin protects you from harm!
 26701 | Orc:1    | Zin protects you from harm!
 26702 | Orc:1    | Killed from afar by an orc sorcerer

Illustrated notes

Levels and vault maps discovered:
D:1:      shiori_arrival_oz, layout_basic, nemelex_diamond_rough_becter
D:2:      layout_loops_corners, uniq_terence
D:3:      layout_rooms, uniq_robin, uniq_jessica, uniq_crazy_yiuf_cottage
D:4:      layout_loops_corners, zin_angel, grunt_temple_overflow_open
D:5:      layout_basic, slow_altar_1, serial_shops, shop, minivault_24
D:6:      layout_gridville, temple_fountains, serial_shops, shop
D:7:      layout_basic, uniq_menkaure
D:8:      layout_basic, kennysheep_little_box, old_standard_altar,
          nicolae_ru_the_path_less_chosen, okawaru_ov_weapons_minmay
D:9:      layout_loops_corners, kennysheep_mini, tso_metal_star
D:10:     layout_basic, due_lair_maze_entry_diamond, serial_shops, shop,
          chequers_guarded_unrand_ignorance
D:11:     layout_cave_pools, gammafunk_ghost_split, basic_altar, uniq_josephine,
          uniq_nergalle
D:12:     layout_layer_cave, serial_shops, nicolae_shop_statue_plus,
          kennysheep_dice
D:13:     layout_loops_corners, serial_undead, serial_undead_f, serial_undead_d,
          serial_undead_e, serial_undead_a, basic_altar, serial_shops,
          kennysheep_mini_moat, uniq_jorgrun
Lair:1:   cheibrodos_lair_river_kwai, layout_cave_shapes, basic_altar
Orc:1:    layout_caves, enter_bailey_7
Orc:2:    grunt_orc_gardens, layout_caves, grunt_orc_garden, grunt_orc_garden,
          grunt_orc_garden, grunt_orc_garden, uniq_snorg

Skill      XL: |  1  2  3  4  5  6  7  8  9 10 11 12 13 |
---------------+----------------------------------------+-----
Axes           | 3 4 5 7 8 10 12 14 | 14.0
Armour         | 2 3 4 5 6 8 10 11 | 11.0
Dodging        | 5 8 |  8.0
Throwing       | 3 6 |  6.0
Evocations     | 3 8 9 |  9.3
Fighting       | 5 7 |  7.0
Spellcasting   | 2 |  2.0
Invocations    | 2 5 |  5.1
Translocations | |  2.4

Action                   |  1- 3 |  4- 6 |  7- 9 | 10-12 | 13-15 || total
-------------------------+-------+-------+-------+-------+-------++-------
Melee: Hand axe          |    96 |   262 |   331 |    76 |       ||   765
       War axe           |       |       |   351 |  1120 |    47 ||  1518
       Battleaxe         |       |       |       |    52 |       ||    52
Throw: Dart              |     5 |    25 |    54 |    18 |    10 ||   112
       Stone             |       |     1 |       |    16 |       ||    17
       Boomerang         |       |       |       |       |     4 ||     4
Invok: Recite            |       |       |       |     3 |     1 ||     4
Evoke: Wand              |       |       |     2 |       |     1 ||     3
  Use: Scroll            |       |       |     5 |    12 |       ||    17
       Potion            |       |       |     3 |     9 |     5 ||    17
 Stab: Distracted        |       |       |     1 |       |       ||     1
       Invisible         |       |       |       |    13 |     1 ||    14
Armor: Leather armour    |     9 |       |       |       |       ||     9
       Scale mail        |    32 |   137 |   266 |    56 |       ||   491
       Chain mail        |       |       |    94 |       |       ||    94
       Plate armour      |       |       |       |   668 |    62 ||   730
Dodge: Dodged            |    50 |   129 |   305 |   691 |    51 ||  1226

Table legend: (Time is in decaauts)
 A = Elapsed time spent in this place.
 B = Non-inter-level travel time spent in this place.
 C = Inter-level travel time spent in this place.
 D = Time resting spent in this place.
 E = Time spent auto-exploring this place.
 F = Levels seen in this place.
 G = Mean time per level.
                   A        B        C        D        E       F      G
               +--------+--------+--------+--------+--------+-----+--------+
         Total |  26463 |  24801 |   1662 |   9533 |  10391 |  17 | 1556.6 |
       Dungeon |  22693 |  21070 |   1623 |   7842 |   9379 |  13 | 1745.6 |
          Lair |   1014 |   1014 |      0 |    205 |    572 |   1 | 1014.0 |
  Orcish Mines |   2044 |   2006 |     38 |   1243 |    199 |   2 | 1022.0 |
        Bailey |    710 |    710 |      0 |    243 |    240 |   1 |  710.0 |
               +--------+--------+--------+--------+--------+-----+--------+

Top non-repeatable levels by time:
     D:8: 3124 daAuts
    D:12: 2968 daAuts
    D:10: 2625 daAuts
     D:4: 2359 daAuts
   Orc:1: 1888 daAuts
    D:11: 1869 daAuts
     D:7: 1658 daAuts
     D:2: 1651 daAuts
     D:5: 1618 daAuts
     D:9: 1348 daAuts
     D:1: 1238 daAuts
     D:6: 1232 daAuts
  Lair:1: 1014 daAuts
     D:3: 974 daAuts
  Bailey: 710 daAuts
